 Dungeon Crawl Stone Soup version 0.17-a0-1767-gccbed74 (webtiles) character file.

882 CuntPokingMan the Chopper (level 8, 0/71 HPs)
             Began as a Hill Orc Berserker on Sept 6, 2015.
             Was a Priest of Trog.
             Slain by a centaur (4 damage)
             ... on level 5 of the Dungeon.
             The game lasted 00:19:09 (5700 turns).

CuntPokingMan the Chopper (Hill Orc Berserker)      Turns: 5700, Time: 00:19:09

Health: 0/71       AC: 11    Str: 22    XL:     8   Next: 5%
Magic:  8/8        EV:  8    Int:  7    God:    Trog [***...]
Gold:   219        SH:  0    Dex: 12    Spells: 0 memorised, 7 levels left

rFire  . . .     SeeInvis .     a - +1 hand axe
rCold  . . .     Clarity  .     d - +1 chain mail
rNeg   . . .     SustAt   .     (no shield)
rPois  .         Gourm    .     (no helmet)
rElec  .         Spirit   .     (no cloak)
rCorr  .         Warding  .     (no gloves)
rMut   .         Stasis   .     (no boots)
MR     .....                    (no amulet)
Stlth  ..........               e - +2 ring of dexterity
                                (no ring)

@: exhausted, slowed, very slow, not resistant to hostile enchantments,
extremely unstealthy
A: no striking features
a: Burn Spellbooks, Berserk, Trog's Hand, Renounce Religion


You were on level 5 of the Dungeon.
You worshipped Trog.
Trog was most pleased with you.
You were near starving.

You visited 1 branch of the dungeon, and saw 5 of its levels.

You collected 219 gold pieces.

Inventory:

Hand weapons
 a - a +1 hand axe (weapon)
Armour
 b - a +0 animal skin
 d - a +1 chain mail (worn)
 h - a +3 leather armour
Jewellery
 e - a +2 ring of dexterity (right hand)
Scrolls
 c - 3 scrolls of identify
 j - a scroll of remove curse
 k - a scroll of enchant weapon
 l - a scroll of fog
Potions
 f - a potion of brilliance
 g - 2 potions of curing
 i - a potion of heal wounds


   Skills:
 * Level 6.4 Fighting
 * Level 7.7 Axes
 * Level 6.5 Armour
 - Level 1.6 Dodging
 + Level 0.1 Stealth


You had 7 spell levels left.
You didn't know any spells.

Dungeon Overview and Level Annotations

Branches:
Dungeon (5/15)             Temple (0/1) D:5

Altars:
Dithmenos
Nemelex Xobeh
Ru
Trog


Message History

The centaur is moderately wounded.
The centaur hits you but does no damage.
The centaur barely misses you.
You hit the centaur.
The centaur is heavily wounded.
The centaur barely misses you. The centaur hits you.
* * * LOW HITPOINT WARNING * * *
You barely miss the centaur.
The centaur is heavily wounded.
The centaur hits you but does no damage.
The centaur hits you.
* * * LOW HITPOINT WARNING * * *
You hit the centaur but do no damage.
The centaur is heavily wounded.
The centaur hits you but does no damage.
The centaur barely misses you.
You hit the centaur.
The centaur is severely wounded.
The centaur hits you.
You die...

#.# #.# #####
#.############....
#.#.........##.###
#.#.###...........
###.#[#
#.###.##.###
.####..c#(###.#
#.##.#
.......@.(....#
#.##.#
#####.###(#####
#.##.# # #.#
#.##.# #.# .....#
... ..#### ...
..... #.... #.....


You could see a centaur.

Vanquished Creatures
  Sigmund (D:5)
  A sky beast (D:5)
  An elf skeleton (D:4)
  2 human zombies (D:4)
  3 orc priests
  A human skeleton (D:4)
  2 orc wizards (D:5)
  An iguana (D:4)
  5 worker ants
  5 adders
  4 gnolls (D:3)
  An adder skeleton (D:4)
  4 worms (D:4)
  The ghost of loblaw the Conjurer, a weakling DECj (D:3)
  2 giant geckos
  9 orcs
  9 hobgoblins
  8 jackals
  2 quokkas
  3 bats
  2 giant cockroaches
  8 giant newts
  12 goblins
  5 kobolds
  An orc skeleton (D:4)
  A quokka skeleton (D:4)
  9 rats
103 creatures vanquished.

Notes
Turn   | Place    | Note
--------------------------------------------------------------
     0 | D:1      | CuntPokingMan the Hill Orc Berserker began the quest for the Orb.
     0 | D:1      | Reached XP level 1. HP: 19/19 MP: 1/1
   320 | D:1      | Reached XP level 2. HP: 25/27 MP: 2/2
   445 | D:1      | Acquired Trog's second power
   593 | D:1      | Reached skill level 5 in Axes
   593 | D:1      | Reached XP level 3. HP: 24/33 MP: 3/3
  2502 | D:3      | Reached XP level 4. HP: 40/40 MP: 4/4
  2785 | D:3      | Noticed loblaw's ghost (weakling DECj)
  2792 | D:3      | Found a shadowy altar of Dithmenos.
  2797 | D:3      | Killed loblaw's ghost
  2956 | D:3      | Reached XP level 5. HP: 22/47 MP: 5/5
  2966 | D:3      | Reached skill level 5 in Fighting
  3787 | D:4      | Found a bloodstained altar of Trog.
  3997 | D:4      | Reached XP level 6. HP: 28/56 MP: 6/6
  4069 | D:4      | Reached skill level 6 in Axes
  4097 | D:4      | HP: 2/56 [human zombie (5)]
  4369 | D:4      | Found a sand-covered staircase.
  4387 | D:4      | Reached skill level 5 in Armour
  4667 | D:4      | Reached XP level 7. HP: 28/61 MP: 7/7
  4802 | D:4      | Found a sacrificial altar of Ru.
  5093 | D:4      | Found a sparkling altar of Nemelex Xobeh.
  5234 | D:5      | Entered Level 5 of the Dungeon
  5264 | D:5      | Reached skill level 7 in Axes
  5616 | D:5      | Found a staircase to the Ecumenical Temple.
  5654 | D:5      | Noticed Sigmund
  5678 | D:5      | Killed Sigmund
  5678 | D:5      | Reached XP level 8. HP: 59/71 MP: 8/8
  5698 | D:5      | HP: 3/71 [centaur (4)]
  5700 | D:5      | Slain by a centaur

Vault maps used:
D:1:      lightli_molten_gateway
D:3:      grunt_dithmenos_smoke_and_mirrors
D:4:      kennysheep_mini, nicolae_overflow_hidden_temple, first_bread,
          nicolae_ossuary_entry_catacombs, kennysheep_dice
D:5:      nicolae_overflow_crystal_walls, temple_fountains, minivault_5,
          tgw_xom, uniq_sigmund, uniq_blork_the_orc

Action                   |  1- 3 |  4- 6 |  7- 9 || total
-------------------------+-------+-------+-------++-------
Melee: Hand axe          |   152 |   221 |   105 ||   478
Invok: Berserk           |       |     2 |     3 ||     5
  Use: Potion            |     2 |     2 |       ||     4
       Scroll            |     5 |     5 |       ||    10
  Eat: Bread ration      |     1 |     1 |       ||     2
       Meat ration       |     1 |       |       ||     1
       Pizza             |       |     2 |       ||     2
       Chunk             |       |       |     2 ||     2
